amy, neutral female gnomish Ranger ------ |.....################################# #### |....| --- ------------------ -----# |....| |.+ |..-....-..|.(|..| +...|# --------- |....| |.| |.......|.....|.. |...|# #-.......| -.-.-- |.----+---.-........+..+-----...|# ###|.<.....| #### |................).....[........|# # |.......| ` # |.-+-.-..+--.......--.|.--+--...|#### +.......| ##### |.|. ....??|......{.....|...|...|# |.......| # # ..|..|..|[%..........I..| %%|...|## ........| ## #...--.|...............I.|%(%|...|# --------- -.--.---.# ..............{.........| %|...-# |...>.... # `..------+..------...-..-----|...| |........%##%#####..-.>[)|...|(((.|.|....|(.(.|...| |...[...| # *# *#|.|..!!|...|(((.-.+....|(.((-...| |........ #..|.*.%|...|(((.|.|....|(...|...| --------- ..------..-------...---------...| |...............................| ------..--..---------..---------- amy the Trailblazer Experience level: 6 Strength: 16 Dexterity: 11 Constitution: 15 Intelligence: 13 Wisdom: 14 Charisma: 7 Health: 0(42) Energy: 25(25) Def: 4 Gold: 890 Moves: 3173 Dungeon seed: HUe_8d-8VpkFjyRl Game ID: amy_1465191637 Your Inventory: Coins $ - 890 gold pieces Weapons a - an uncursed +1 dagger b - an uncursed +2 crossbow (weapon in hand) c - 49 uncursed +2 crossbow bolts (in quiver) d - 34 blessed +0 crossbow bolts h - an uncursed +2 aklys j - 33 uncursed +0 darts k - an uncursed +0 orcish dagger B - an uncursed +0 elven spear O - 2 uncursed +0 elven daggers X - an uncursed +0 dagger Armor e - an uncursed +2 cloak of displacement (being worn) n - an uncursed +0 orcish helm (being worn) r - an uncursed +0 cloak of protection N - an uncursed +0 pair of iron shoes Comestibles i - 4 uncursed food rations v - 2 uncursed fortune cookies x - 2 uncursed sprigs of wolfsbane D - an uncursed tin of white unicorn meat E - 4 uncursed melons Potions o - a blessed potion of sickness z - an uncursed potion of acid A - an uncursed potion of oil Z - a cursed potion of restore ability Rings P - an uncursed ring of poison resistance (on left hand) Wands g - an uncursed wand of slow monster (0:0) Tools f - 4 cursed wax candles (0:400) l - 11 uncursed wax candles (0:400) m - an uncursed magic whistle p - an uncursed skeleton key s - 19 uncursed tallow candles (0:200) u - an uncursed magic marker (0:49) W - an uncursed sack Y - 6 blessed wax candles (0:400) Gems q - an uncursed amethyst stone y - an uncursed worthless piece of yellowish brown glass Contents of the sack: an uncursed scroll of create monster an uncursed scroll of earth an uncursed scroll of enchant armor an uncursed scroll of food detection Spells and supernatural/magical abilities: Name Level Category Fail Memory f - fireball 4 attack 100% 91% D - drain life 2 attack 100% 91% W - pray for help -- divine ? -- Your skills at the end: Miscellaneous Skills wands [Basic] Weapon Skills dagger [Basic] club [Basic] crossbow [Basic] Spellcasting Skills Final Attributes: You were fervently aligned. You were poison resistant. You were confused. You were blinded. You had automatic searching. You had infravision. You were displaced. You are dead. Vanquished creatures: a small mimic 2 apes a rock piercer 2 ponies 2 shriekers a violet fungus a gnomish wizard a kobold mummy a ghoul 3 floating eyes 2 dwarves a kobold shaman 2 iguanas 4 rothes 2 rabid rats a wererat 3 hobbits a large kobold 2 geckos a giant rat 4 cave spiders a brown mold 2 yellow molds a red mold 2 gnomes a gnome zombie 4 jackals a fox a kobold 6 newts a goblin 4 grid bugs 3 bats 2 lichens a kobold zombie 68 creatures vanquished. Voluntary challenges: You had been an atheist until turn 2277. You used a wielded weapon 49 times, starting on turn 68. You did not apply a unicorn horn. You read items or engraved 22 times, starting on turn 505. You never genocided any monsters. You never polymorphed an object. You never changed form. You used no wishes. You never split a pudding. You never wrote Elbereth's name. You violated your moral code, losing 6 points of alignment, starting on turn 2735. Dungeon overview: The Dungeons of Doom: levels 1 to 4 Level 1 a long staircase Level 2 a general store, a fountain Level 3 a delicatessen Level 4 stairs to The Gnomish Mines The Gnomish Mines: levels 5 to 8 Level 5 stairs to The Dungeons of Doom Level 6 Level 7 <- You were here many shops, a temple to Venus, a magic chest, some fountains Level 8 History has recorded: On T:1 you entered the Dungeons of Doom to retrieve the Amulet of Yendor! On T:388 you reached level 2 of The Dungeons of Doom. On T:707 you reached level 3 of The Dungeons of Doom. On T:756 you advanced to experience level 2. On T:1453 you reached level 4 of The Dungeons of Doom. On T:1803 you reached level 1 of The Gnomish Mines. On T:1813 you advanced to experience level 3. On T:1949 you reached level 2 of The Gnomish Mines. On T:2064 you advanced to experience level 4. On T:2134 you reached level 3 of The Gnomish Mines. On T:2273 you entered the Minetown temple On T:2326 you advanced to experience level 5. On T:2581 you reached level 4 of The Gnomish Mines. On T:2828 you advanced to experience level 6. On T:2974 you opened a magic chest. Score breakdown: Gold: 890 ( 89 points) Experience: 6 levels ( 500 points) Exploration: 8 levels ( 210 points) Discoveries: 18 items ( 900 points) Variety of kills: 35 monsters ( 1750 points) Major goal: reached Minetown ( 500 points) Survival: died (score multiplied by 3) Total score: 11847 Latest messages: U - an ape corpse. i - an uncursed food ration. You stagger under your heavy load. Movement is very hard. A nearby voice intones: "Pilgrim, you enter a sacred place!" You experience a strange sense of peace. You hear a door open. Your sacrifice is consumed in a burst of flame! You have a feeling of reconciliation. Your movements are now unencumbered. You see a door open. c - 2 uncursed +2 crossbow bolts (in quiver). There is nothing here to pick up. Wait! There's something there you can't see! You hesitate for a moment, bothered by your conscience. Something gets angry! You hit something. Venus' voice booms: "How darest thou harm my servant!" The bolt of lightning hits you! You are blinded by the flash! You hear the shrill sound of a guard's whistle. Something kicks! Something casts a spell at you! You feel confused! Something hits you! You die... Final status: Goodbye amy the Ranger, killed by an invisible priest of Venus... You died in The Gnomish Mines on dungeon level 7 with 11847 points, and 890 pieces of gold, after 3173 moves. You were level 6 with a maximum of 42 hit points when you died.